 Dungeon Crawl Stone Soup version 0.23.1 (webtiles) character file.

Game seed: 15416168778771312477

17885 Fang the Fighter (level 12, -2/120 HPs)
             Began as a Gargoyle Berserker on Mar 8, 2019.
             Was a High Priest of Trog.
             Impaled on a porcupine's spines (10 damage)
             ... on level 3 of the Lair of Beasts.
             The game lasted 00:14:57 (11667 turns).

Fang the Fighter (Gargoyle Berserker)              Turns: 11667, Time: 00:14:57

Health: -2/120     AC: 32    Str: 32    XL:     12   Next: 52%
Magic:  12/12      EV: 16    Int:  8    God:    Trog [*****.]
Gold:   924        SH:  0    Dex: 13    Spells: 11/11 levels left

rFire    + . .     SeeInvis .   j - +4 hand axe (flame)
rCold    . . .     Gourm    .   (no shield)
rNeg     + . .     Faith    .   w - +1 plate armour
rPois    ∞         Spirit   .   q - +3 helmet of the Volcano {+Inv rF+ Str+3 Int-2}
rElec    +         Reflect  .   E - +2 cloak {+Inv}
rCorr    .         Harm     .   (no gloves)
MR       .....                  (no boots)
Stlth    ..........             (no amulet)
HPRegen  0.30/turn              o - +4 ring of dexterity
MPRegen  0.13/turn              r - +4 ring of evasion

@: berserking, drained, slow
A: negative energy resistance 1, electricity resistance, unbreathing,
petrification resistance, rot immunity, AC +8
a: Berserk, Trog's Hand, Brothers in Arms, Renounce Religion, Evoke Invisibility


You were on level 3 of the Lair of Beasts.
You worshipped Trog.
Trog was extremely pleased with you.
You were hungry.

You visited 3 branches of the dungeon, and saw 15 of its levels.
You also visited: Sewer.

You collected 924 gold pieces.

Inventory:

Hand Weapons
 f - a +3 war axe of freezing
 j - a +4 hand axe of flaming (weapon)
 J - a +7 battleaxe of electrocution
Armour
 l - a +2 hat of intelligence
 q - the +3 helmet of the Volcano (worn) {+Inv rF+ Str+3 Int-2}
   (You found it on level 2 of the Lair of Beasts)

   It affects your strength (+3).
   It affects your intelligence (-2).
   It protects you from fire.
   It lets you turn invisible.
 w - a +1 plate armour (worn)
 E - a +2 cloak of invisibility (worn)
 M - the +0 helmet "Estrumeggu" {*Drain rC+ Dex+2}
   (You found it on level 3 of the Lair of Beasts)

   It affects your dexterity (+2).
   It protects you from cold.
   It causes draining when unequipped.
Jewellery
 h - an uncursed amulet of magic regeneration
 o - a +4 ring of dexterity (left hand)
 r - a +4 ring of evasion (right hand)
 I - an uncursed ring of protection from magic
Wands
 s - a wand of flame (41)
 x - a wand of iceblast (32)
 y - a wand of random effects (10)
 C - a wand of paralysis (14)
 F - a wand of scattershot (6)
Scrolls
 a - 2 scrolls of identify
 b - 3 scrolls of blinking
 d - a scroll of fear
 e - 6 scrolls of teleportation
 u - 2 scrolls of remove curse
 D - 2 scrolls of fog
 K - a scroll of brand weapon
 L - a scroll of magic mapping
Potions
 g - 2 potions of mutation
 i - 7 potions of curing
 k - 2 potions of magic
 m - a potion of might
 n - 4 potions of ambrosia
 p - 7 potions of brilliance
 t - a potion of berserk rage
 v - a potion of heal wounds
 z - 2 potions of resistance
 B - 2 potions of cancellation
 G - 2 potions of invisibility
 H - a potion of agility
Comestibles
 c - 26 rations
 A - a chunk of flesh


   Skills:
 + Level 11.5(10.7) Fighting
 + Level 9.8(9.0) Axes
 + Level 11.2(10.5) Armour
 + Level 8.8(8.0) Dodging


You had 11 spell levels left.
You didn't know any spells.
Your spell library was empty.

Dungeon Overview and Level Annotations

Branches:
Dungeon (11/15)            Temple (1/1) D:7            Lair (3/6) D:10
    Orc (0/2) D:9
  Swamp: Lair:2-4    Shoals: Lair:2-4     Snake: Lair:2-4    Spider: Lair:2-4

Altars:
Ashenzari
Cheibriados
Dithmenos
Elyvilon
Fedhas
Gozag
Hepliaklqana
Kikubaaqudgha
Makhleb
Nemelex Xobeh
Okawaru
Qazlal
Ru
Sif Muna
Trog
Uskayaw
Vehumet
Wu Jian
Xom
Yredelemnul
Zin
The Shining One

Shops:
D:7 }   D:9 %


Innate Abilities, Weirdness & Mutations

You are resistant to torment.
Your stone body is resilient. (AC +8)
You are immune to poison.
You resist negative energy. (rN+)
You are resistant to electric shocks. (rElec)
You can survive without breathing.
You are immune to petrification.
You are immune to rotting.


Message History

A porcupine comes into view.
You chop one of the two-headed hydra's heads off!
The flame cauterises the wound!
You slash the one-headed hydra! You burn the one-headed hydra.
You kill the one-headed hydra!
Trog accepts your kill.
You hack one of the two-headed hydra's heads off!
The flame cauterises the wound!
You slash the one-headed hydra! You burn the one-headed hydra.
The one-headed hydra bites you but does no damage.
The one-headed hydra barely misses you.
The porcupine bites you but does no damage.
Found 8 gold pieces.
You slice the one-headed hydra's last head off!
You kill the one-headed hydra!
Trog accepts your kill.
You closely miss the porcupine.
The porcupine splashes around in the water. x2
You are struck by the porcupine's spines.
You die...

........≈≈≈#####≈≈≈#
........≈≈## ##≈≈#
........≈≈# #≈≈##
##......≈≈# #≈≈≈#
#P......≈≈# #≈≈≈#
###.....≈≈# ##≈≈##
#.....≈≈≈##+##≈≈≈≈#
##.....≈≈≈≈.≈≈≈≈###
.≈≈≈.≈r@## $>.....##
....... .%.....
.#..... #......
#.##... ## #...


You could see a porcupine.

Vanquished Creatures
  Gastronok (Lair:2)
  3 hydras
  4 two-headed ogres
  An unseen horror (D:11)
  Pikel (D:7)
  An ugly thing (D:11)
  Joseph (Lair:1)
  Maurice (D:10)
  2 black mambas
  An elephant (D:10)
  A spiny frog (Lair:2)
  Grinder (D:5)
  The ghost of Gingerlord the Ducker, an amateur HuAr of Makhleb (D:5)
  4 hippogriffs
  A spriggan (D:11)
  3 yaks (D:11)
  2 basilisks (D:10)
  2 hungry ghosts
  A water moccasin (Lair:2)
  4 porcupines
  4 orc warriors
  An ice beast (D:6)
  A sky beast (D:6)
  A slave (D:7)
  A black bear (D:8)
  6 ogres
  A phantom (D:5)
  2 necrophages
  7 centaurs
  A big kobold (D:10)
  2 crocodiles (Lair:1)
  15 bullfrogs
  5 killer bees (D:9)
  3 scorpions
  A water moccasin skeleton (D:9)
  2 howler monkeys
  An electric eel (Lair:3)
  4 crimson imps
  A quasit (D:8)
  2 bullfrog zombies
  A centaur zombie (D:6)
  A jelly (D:10)
  5 hounds
  6 orc priests
  A centaur skeleton (D:5)
  Crazy Yiuf (D:6)
  2 bullfrog skeletons
  6 iguanas
  Natasha (twice) (D:4)
  10 orc wizards
  2 hell rats (D:8)
  9 worker ants
  A killer bee zombie (D:10)
  A hound zombie (D:10)
  16 adders
  10 river rats
  4 shadow imps
  An ooze (D:6)
  An adder zombie (D:5)
  An adder skeleton (D:5)
  2 worms
  A dart slug (D:1)
  7 leopard geckos
  36 orcs
  4 giant cockroaches
  8 goblins
  11 hobgoblins
  9 jackals
  9 quokkas
  5 ball pythons
  9 bats
  12 frilled lizards
  13 kobolds
  A leopard gecko skeleton (D:6)
  23 rats
  A bush (D:6)
329 creatures vanquished.

Vanquished Creatures (others)
  Natasha (D:4)
  An orc (D:4)
  2 withered plants (D:5)
4 creatures vanquished.

Grand Total: 333 creatures vanquished

Notes
Turn   | Place    | Note
-------+----------+-------------------------------------------
     0 | D:1      | Fang the Gargoyle Berserker began the quest for the Orb.
     0 | D:1      | Reached XP level 1. HP: 14/14 MP: 1/1
   140 | D:1      | Reached XP level 2. HP: 19/19 MP: 2/2
   522 | D:1      | Reached ** piety under Trog
   522 | D:1      | Reached XP level 3. HP: 17/23 MP: 3/3
   955 | D:2      | Reached XP level 4. HP: 29/29 MP: 4/4
  1593 | D:3      | Reached XP level 5. HP: 29/33 MP: 5/5
  2102 | D:4      | Reached *** piety under Trog
  2207 | D:4      | Noticed an ogre
  2216 | D:4      | Killed an ogre
  2216 | D:4      | Reached XP level 6. HP: 39/39 MP: 6/6
  2460 | D:4      | Noticed Natasha
  2475 | D:4      | Killed Natasha
  2490 | D:4      | Noticed Natasha
  2499 | D:4      | Killed Natasha
  2502 | D:4      | Reached skill level 5 in Fighting
  2505 | D:4      | Reached XP level 7. HP: 44/44 MP: 7/7
  2731 | D:4      | Killed Natasha
  2936 | D:5      | Entered Level 5 of the Dungeon
  2947 | D:5      | Noticed Grinder
  2968 | D:5      | Killed Grinder
  2968 | D:5      | Reached skill level 5 in Armour
  2968 | D:5      | Reached XP level 8. HP: 51/51 MP: 8/8
  3144 | D:5      | Found a runed translucent door.
  3148 | D:5      | Noticed Gingerlord's ghost (amateur HuAr)
  3195 | D:5      | Reached skill level 5 in Axes
  3213 | D:5      | Found an ancient bone altar of Kikubaaqudgha.
  3223 | D:5      | Found a basalt altar of Yredelemnul.
  3224 | D:5      | Found a sparkling altar of Nemelex Xobeh.
  3273 | D:5      | Found an ornate altar of the Wu Jian Council.
  3273 | D:5      | Found a hazy altar of Hepliaklqana.
  3278 | D:5      | Found a faded altar of an unknown god.
  3280 | D:5      | Found an opulent altar of Gozag.
  3281 | D:5      | Found a faded altar of an unknown god.
  3365 | D:5      | Reached **** piety under Trog
  3833 | D:5      | Killed Gingerlord's ghost
  4054 | D:6      | Reached XP level 9. HP: 56/56 MP: 9/9
  4142 | D:6      | Reached skill level 5 in Dodging
  4182 | D:6      | Found a glowing drain.
  4207 | Sewer    | Entered a sewer
  4560 | D:6      | Found a blossoming altar of Fedhas.
  4644 | D:6      | Found a snail-covered altar of Cheibriados.
  4733 | D:6      | Found a runed translucent door.
  4734 | D:6      | Noticed Crazy Yiuf
  4959 | D:6      | Killed Crazy Yiuf
  5189 | D:7      | Noticed Pikel
  5223 | D:7      | Killed Pikel
  5362 | D:7      | Reached XP level 10. HP: 64/64 MP: 10/10
  5363 | D:7      | Reached ***** piety under Trog
  5375 | D:7      | Found a staircase to the Ecumenical Temple.
  5534 | D:7      | Found Zuxein's Gadget Shoppe.
  5788 | Temple   | Entered the Ecumenical Temple
  5930 | D:8      | Found a sacrificial altar of Ru.
  5930 | D:8      | Found a deep blue altar of Sif Muna.
  6001 | D:8      | Found a burning altar of Makhleb.
  6511 | D:9      | Noticed a two-headed ogre
  6526 | D:9      | Killed a two-headed ogre
  6770 | D:9      | Noticed a two-headed ogre
  6782 | D:9      | Killed a two-headed ogre
  6912 | D:9      | Found Ysmovvao's Food Shop.
  6963 | D:9      | Received a gift from Trog
  7411 | D:9      | Found a staircase to the Orcish Mines.
  7547 | D:10     | Entered Level 10 of the Dungeon
  7751 | D:10     | Noticed a two-headed ogre
  7761 | D:10     | Killed a two-headed ogre
  7761 | D:10     | Reached XP level 11. HP: 72/72 MP: 11/11
  7879 | D:10     | Noticed Maurice
  7991 | D:10     | Found a staircase to the Lair.
  8006 | D:10     | Reached skill level 10 in Fighting
  8084 | D:10     | Killed Maurice
  8471 | D:11     | Noticed a two-headed ogre
  8483 | D:11     | Killed a two-headed ogre
  8797 | D:11     | Reached skill level 10 in Armour
  9124 | D:11     | Killed an unseen horror
  9213 | D:11     | Noticed a cyan ugly thing
  9221 | D:11     | Killed a cyan ugly thing
  9561 | Lair:1   | Entered Level 1 of the Lair of Beasts
  9599 | Lair:1   | Received a gift from Trog
  9842 | Lair:1   | Noticed Joseph
  9848 | Lair:1   | Paralysed by Joseph for 7 turns
  9857 | Lair:1   | Killed Joseph
 10385 | Lair:2   | Reached XP level 12. HP: 72/79 MP: 12/12
 10505 | Lair:2   | Noticed a five-headed hydra
 10526 | Lair:2   | Killed a 12-headed hydra
 10956 | Lair:2   | Got a dazzling helmet
 10967 | Lair:2   | Identified the +3 helmet of the Volcano {+Inv rF+ Str+3
                  | Int-2} (You found it on level 2 of the Lair of Beasts)
 11360 | Lair:2   | Noticed Gastronok
 11384 | Lair:2   | Killed Gastronok
 11384 | Lair:2   | Received a gift from Trog
 11580 | Lair:3   | Got a warped helmet
 11591 | Lair:3   | Identified the cursed +0 helmet "Estrumeggu" {*Drain rC+
                  | Dex+2} (You found it on level 3 of the Lair of Beasts)
 11648 | Lair:3   | Noticed a five-headed hydra
 11649 | Lair:3   | Noticed a six-headed hydra
 11663 | Lair:3   | Killed a one-headed hydra
 11665 | Lair:3   | Killed a one-headed hydra
 11667 | Lair:3   | Impaled on a porcupine's spines

Skill      XL: |  1  2  3  4  5  6  7  8  9 10 11 12 |
---------------+-------------------------------------+-----
Axes           | 3 4 5 6 8 9 |  9.8
Dodging        | 2 3 4 5 7 8 |  8.8
Armour         | 3 4 5 6 7 9 10 11 | 11.2
Fighting       | 4 5 6 8 9 10 11 | 11.5

Action                   |  1- 3 |  4- 6 |  7- 9 | 10-12 || total
-------------------------+-------+-------+-------+-------++-------
Melee: Hand axe          |   135 |   151 |       |    71 ||   357
       War axe           |       |    48 |   434 |   519 ||  1001
       Battleaxe         |       |       |       |    10 ||    10
Invok: Berserk           |       |     1 |     5 |     7 ||    13
  Use: Scroll            |       |    12 |     2 |    23 ||    37
  Eat: Chunk             |       |     7 |    12 |    29 ||    48
       Ration            |       |       |     2 |       ||     2
Armor: Animal skin       |    15 |       |       |       ||    15
       Chain mail        |    75 |   160 |   219 |    36 ||   490
       Plate armour      |       |       |       |   414 ||   414
Dodge: Dodged            |    83 |   152 |   339 |   511 ||  1085
